Selects Airborne Battlegroup
Selects Heavy Machine Gun Paradrop
Heavy Machine Gun Paradrop
Selects Paratrooper Squad Paradrop
Paratrooper Squad Paradrop
Paratrooper Squad Paradrop
Construct Medical Station
Paratrooper Squad Paradrop
Heavy Machine Gun Paradrop
Paratrooper Squad Paradrop
Selects Anti-tank Gun Team Paradrop
Heavy Machine Gun Paradrop
Heavy Machine Gun Paradrop
Selects Paradrop Reinforcements
Paratrooper Squad Paradrop